SR
PHOENIX HOTSPUR ACADEMY @ ATHLETIC CLUB KC U-21
08/18/2034
 
TOP OF THE 1ST
Phoenix Hotspur Academy batting - Pitching for Athletic Club KC U-21 : RHP Lucas Thomas
Pitching: RHP Lucas Thomas
Batting: RHB Paco González 0-0: Called Strike
0-1: Called Strike
0-2: Strikes out swinging
Batting: LHB Pancho Coloma 0-0: Called Strike
0-1: Ball
1-1: Swinging Strike
1-2: Ball
2-2: Ball
3-2: Ground out 1-3 (Groundball, 13)
Batting: RHB Brit Davis 0-0: Foul Ball, location: 2F
0-1: Called Strike
0-2: Foul Ball, location: 2F
0-2: Strikes out swinging
Top of the 1st over - 0 runs, 0 hits, 0 errors, 0 left on base; Phoenix 0 - Athletic Club KC 0
BOTTOM OF THE 1ST
Athletic Club KC U-21 batting - Pitching for Phoenix Hotspur Academy : RHP Rick Hubbard
Pitching: RHP Rick Hubbard
Batting: RHB Quinn Albracht 0-0: Fly out, F3 (Popup, 3)
Batting: SHB Josh Moxon 0-0: Called Strike
0-1: Ball
1-1: SINGLE (Groundball, 34D)
Batting: LHB Todd Baker 0-0: Ball
1-0: Called Strike
1-1: Ball
2-1: Called Strike
2-2: Ball
3-2: Foul Ball, location: 2F
3-2: Strikes out swinging
Batting: RHB Kalikiano Keiki 0-0: Ball
1-0: Ball
Josh Moxon steals 2nd base
2-0: SINGLE (Groundball, 34D)
Josh Moxon to third
Runner from 3rd tries for Home, SAFE, throw made home
Kalikiano Keiki to second
Batting: LHB Ronnie Boehmer 0-0: Called Strike
0-1: Ground out 4-3 (Groundball, 4)
Bottom of the 1st over - 1 run, 2 hits, 0 errors, 1 left on base; Phoenix 0 - Athletic Club KC 1
TOP OF THE 2ND
Phoenix Hotspur Academy batting - Pitching for Athletic Club KC U-21 : RHP Lucas Thomas
Batting: RHB Brad Lamb 0-0: Swinging Strike
0-1: Ball
1-1: Ball
2-1: Foul Ball, location: 2F
2-2: Foul Ball, location: 2F
2-2: Strikes out swinging
Batting: RHB Nathan Pruitt 0-0: Foul Ball, location: 2F
0-1: Swinging Strike
0-2: Ball
1-2: Foul Ball, location: 2F
1-2: Ball
2-2: Ball
3-2: Foul Ball, location: 2F
3-2: DOUBLE (Flyball, 89D)
Pinch Runner at 2nd Javier Flores:
Batting: RHB Ronnie Wise 0-0: Called Strike
0-1: Swinging Strike
0-2: Foul Ball, location: 2F
0-2: Foul Ball, location: 2F
0-2: Ball
1-2: Ball
2-2: Foul Ball, location: 2F
2-2: Fly out, F7 (Flyball, 78M)
Batting: LHB Daniel Joseph 0-0: SINGLE (Line Drive, 4)
Javier Flores to third
Runner from 3rd tries for Home, SAFE, no throw
Batting: RHB Jesse McCoy 0-0: Called Strike
0-1: Ball
1-1: Fly out, F8 (Flyball, 8RD)
Top of the 2nd over - 1 run, 2 hits, 0 errors, 1 left on base; Phoenix 1 - Athletic Club KC 1
BOTTOM OF THE 2ND
Athletic Club KC U-21 batting - Pitching for Phoenix Hotspur Academy : RHP Rick Hubbard
Now at 3B: Javier Flores
Batting: LHB Armando Romero 0-0: Swinging Strike
0-1: Foul Ball, location: 2F
0-2: Ball
1-2: Ball
2-2: Foul Ball, location: 2F
2-2: Strikes out swinging
Batting: RHB Luis Santana 0-0: Swinging Strike
0-1: Foul Ball, location: 2F
0-2: Ball
1-2: Ball
2-2: Ground out 6-3 (Groundball, 6)
Batting: SHB Howard Carpentier 0-0: Ball
1-0: Ball
2-0: SINGLE (Groundball, 3D)
Batting: LHB Vicente Botín 0-0: Ball
1-0: Called Strike
1-1: SINGLE (Groundball, 34D)
Howard Carpentier to second
Runner from 2nd tries for 3rd, SAFE, no throw
Batting: RHB Quinn Albracht 0-0: Foul Ball, location: 2F
0-1: Ball
1-1: SINGLE (Line Drive, 4MD)
Howard Carpentier scores
Vicente Botín to second
Batting: SHB Josh Moxon 0-0: Foul Ball, location: 2F
0-1: SINGLE (Groundball, 34D)
Vicente Botín to third
Quinn Albracht to second
Runner from 3rd tries for Home, SAFE, no throw
Batting: LHB Todd Baker 0-0: Fly out, F6 (Popup, 6D)
Bottom of the 2nd over - 2 runs, 4 hits, 0 errors, 2 left on base; Phoenix 1 - Athletic Club KC 3
TOP OF THE 3RD
Phoenix Hotspur Academy batting - Pitching for Athletic Club KC U-21 : RHP Lucas Thomas
Batting: RHB Felipe Hernández 0-0: Foul Ball, location: 2F
0-1: Ball
1-1: Swinging Strike
1-2: Foul Ball, location: 2F
1-2: Foul Ball, location: 2F
1-2: Foul Ball, location: 2F
1-2: Strikes out looking
Batting: RHB Paco González 0-0: Foul Ball, location: 2F
0-1: Ball
1-1: Ball
2-1: Foul Ball, location: 2F
2-2: SINGLE (Groundball, 6MS) (infield hit)
Batting: LHB Pancho Coloma 0-0: Foul Ball, location: 2F
0-1: Ball
1-1: Grounds into double play, 6-4-3 (Groundball, 6)
Top of the 3rd over - 0 runs, 1 hit, 0 errors, 0 left on base; Phoenix 1 - Athletic Club KC 3
BOTTOM OF THE 3RD
Athletic Club KC U-21 batting - Pitching for Phoenix Hotspur Academy : RHP Rick Hubbard
Batting: RHB Kalikiano Keiki 0-0: TRIPLE (Line Drive, 8RXD)
Batting: LHB Ronnie Boehmer 0-0: Ball
1-0: Ball
2-0: Ball
3-0: Called Strike
3-1: Fly out, F8 (Flyball, 8LS)
Runner from 3rd tags up, SCORES, no throw
Batting: LHB Armando Romero 0-0: Ball
1-0: Foul Ball, location: 2F
1-1: Ball
2-1: Foul Ball, location: 2F
2-2: Strikes out looking
Batting: RHB Luis Santana 0-0: Foul Ball, location: 2F
0-1: Ball
1-1: Foul Ball, location: 2F
1-2: Ball
2-2: SINGLE (Line Drive, 6D)
Batting: SHB Howard Carpentier 0-0: Foul Ball, location: 2F
0-1: Ball
1-1: Ball
2-1: Ball
3-1: Base on Balls
Luis Santana to second
Batting: LHB Vicente Botín 0-0: Swinging Strike
0-1: SINGLE (Flyball, 78S)
Luis Santana to third
Howard Carpentier to second
Runner from 3rd tries for Home, SAFE, throw made home
Batting: RHB Quinn Albracht 0-0: Ball
1-0: Called Strike
1-1: Ball
2-1: Ball
3-1: Base on Balls
Howard Carpentier to third
Vicente Botín to second
Batting: SHB Josh Moxon 0-0: Ball
1-0: Foul Ball, location: 2F
1-1: SINGLE (Flyball, 7S)
Howard Carpentier scores
Vicente Botín to third
Quinn Albracht to second
Runner from 3rd tries for Home, SAFE, no throw
Batting: LHB Todd Baker 0-0: Called Strike
0-1: Called Strike
0-2: Fly out, F8 (Flyball, 8RD)
Bottom of the 3rd over - 4 runs, 4 hits, 0 errors, 2 left on base; Phoenix 1 - Athletic Club KC 7
TOP OF THE 4TH
Phoenix Hotspur Academy batting - Pitching for Athletic Club KC U-21 : RHP Lucas Thomas
Batting: RHB Brit Davis 0-0: Called Strike
0-1: Foul Ball, location: 2F
0-2: Ball
1-2: Foul Ball, location: 2F
1-2: Ball
2-2: Foul Ball, location: 2F
2-2: Ball
3-2: Foul Ball, location: 2F
3-2: Ground out 4-3 (Groundball, 4M)
Batting: RHB Brad Lamb 0-0: Called Strike
0-1: Fly out, F8 (Flyball, 8RS)
Batting: RHB Javier Flores 0-0: Fly out, F9 (Line Drive, 9)
Top of the 4th over - 0 runs, 0 hits, 0 errors, 0 left on base; Phoenix 1 - Athletic Club KC 7
BOTTOM OF THE 4TH
Athletic Club KC U-21 batting - Pitching for Phoenix Hotspur Academy : RHP Rick Hubbard
Batting: RHB Kalikiano Keiki 0-0: Called Strike
0-1: Foul Ball, location: 2F
0-2: Ball
1-2: Strikes out swinging, 2-3 out at first.
Batting: LHB Ronnie Boehmer 0-0: Ball
1-0: Fly out, F8 (Flyball, 8LM)
Batting: LHB Armando Romero 0-0: SINGLE (Groundball, 56D)
Batting: RHB Luis Santana 0-0: Ball
1-0: Fly out, F7 (Flyball, 78D)
Bottom of the 4th over - 0 runs, 1 hit, 0 errors, 1 left on base; Phoenix 1 - Athletic Club KC 7
TOP OF THE 5TH
Phoenix Hotspur Academy batting - Pitching for Athletic Club KC U-21 : RHP Lucas Thomas
Batting: RHB Ronnie Wise 0-0: Ball
1-0: Swinging Strike
1-1: Fly out, F6 (Line Drive, 56)
Batting: LHB Daniel Joseph 0-0: Ground out 6-3 (Groundball, 6)
Batting: RHB Jesse McCoy 0-0: Ball
1-0: Ball
2-0: Ball
3-0: Called Strike
3-1: Swinging Strike
3-2: Strikes out looking
Top of the 5th over - 0 runs, 0 hits, 0 errors, 0 left on base; Phoenix 1 - Athletic Club KC 7
BOTTOM OF THE 5TH
Athletic Club KC U-21 batting - Pitching for Phoenix Hotspur Academy : RHP Rick Hubbard
Batting: SHB Howard Carpentier 0-0: Ball
1-0: Called Strike
1-1: Ball
2-1: Ball
3-1: Called Strike
3-2: Ground out 4-3 (Groundball, 4)
Batting: LHB Vicente Botín 0-0: Foul Ball, location: 2F
0-1: Swinging Strike
0-2: Strikes out looking
Batting: RHB Quinn Albracht 0-0: Ball
1-0: Ball
2-0: Ball
3-0: Called Strike
3-1: Base on Balls
Batting: SHB Josh Moxon 0-0: Called Strike
0-1: Ball
1-1: Ball
2-1: Foul Ball, location: 2F
2-2: Ball
Quinn Albracht steals 2nd base
3-2: Strikes out swinging, 2-3 out at first.
Bottom of the 5th over - 0 runs, 0 hits, 0 errors, 1 left on base; Phoenix 1 - Athletic Club KC 7
TOP OF THE 6TH
Phoenix Hotspur Academy batting - Pitching for Athletic Club KC U-21 : RHP Lucas Thomas
Batting: RHB Felipe Hernández 0-0: Called Strike
0-1: Called Strike
0-2: Ball
1-2: Foul Ball, location: 2F
1-2: Ball
2-2: Reached on error, E6 (Groundball, 6)
Batting: RHB Paco González 0-0: Ball
1-0: Ball
2-0: DOUBLE (Flyball, 89D)
Felipe Hernández to third
Batting: LHB Pancho Coloma 0-0: Reached on error, E6 (Groundball, 6)
Felipe Hernández scores
Paco González scores
Batting: RHB Brit Davis 0-0: Called Strike
0-1: Ground out 5-3 (Groundball, 56S)
Pancho Coloma to third
Batting: RHB Brad Lamb 0-0: Swinging Strike
0-1: Ball
1-1: Ball
2-1: Swinging Strike
2-2: Strikes out looking
Pitching: RHP Jorge Ávila
Batting: RHB Javier Flores 0-0: Foul Ball, location: 2F
0-1: Called Strike
0-2: Strikes out swinging
Top of the 6th over - 2 runs, 1 hit, 2 errors, 1 left on base; Phoenix 3 - Athletic Club KC 7
BOTTOM OF THE 6TH
Athletic Club KC U-21 batting - Pitching for Phoenix Hotspur Academy : RHP Rick Hubbard
Pitching: RHP Jorge Torres
Batting: LHB Todd Baker 0-0: Ball
1-0: Swinging Strike
1-1: Ball
2-1: Swinging Strike
2-2: Strikes out swinging
Batting: RHB Kalikiano Keiki 0-0: Ball
1-0: Fly out, F9 (Flyball, 9LM)
Batting: LHB Ronnie Boehmer 0-0: Called Strike
0-1: Ball
1-1: Foul Ball, location: 2F
1-2: Foul Ball, location: 2F
1-2: Ground out 5-3 (Groundball, 5)
Bottom of the 6th over - 0 runs, 0 hits, 0 errors, 0 left on base; Phoenix 3 - Athletic Club KC 7
TOP OF THE 7TH
Phoenix Hotspur Academy batting - Pitching for Athletic Club KC U-21 : RHP Jorge Ávila
Batting: RHB Ronnie Wise 0-0: Ball
1-0: Called Strike
1-1: Called Strike
1-2: Ball
2-2: Ball
3-2: Strikes out swinging
Batting: LHB Daniel Joseph 0-0: Ball
1-0: Fly out, F3 (Flyball, 3DF)
Batting: RHB Jesse McCoy 0-0: Swinging Strike
0-1: Swinging Strike
0-2: Ball
1-2: Strikes out looking
Top of the 7th over - 0 runs, 0 hits, 0 errors, 0 left on base; Phoenix 3 - Athletic Club KC 7
BOTTOM OF THE 7TH
Athletic Club KC U-21 batting - Pitching for Phoenix Hotspur Academy : RHP Jorge Torres
Batting: LHB Armando Romero 0-0: Ball
1-0: Foul Ball, location: 2F
1-1: Ball
2-1: SINGLE (Flyball, 8LS)
Batting: RHB Luis Santana 0-0: Bunted foul
0-1: Sac Bunt - play at first, batter OUT! 1-4
Armando Romero to second
Batting: SHB Howard Carpentier 0-0: Intentional Walk
Batting: LHB Vicente Botín 0-0: Ball
1-0: Ball
2-0: Called Strike
2-1: Foul Ball, location: 2F
2-2: Strikes out swinging
Batting: RHB Quinn Albracht 0-0: Called Strike
0-1: Fielders Choice at 2nd, 6-4 (Groundball, 6)
Bottom of the 7th over - 0 runs, 1 hit, 0 errors, 2 left on base; Phoenix 3 - Athletic Club KC 7
TOP OF THE 8TH
Phoenix Hotspur Academy batting - Pitching for Athletic Club KC U-21 : RHP Jorge Ávila
Batting: RHB Felipe Hernández 0-0: Ball
1-0: Ball
2-0: Foul Ball, location: 2F
2-1: Called Strike
2-2: Ball
3-2: Foul Ball, location: 2F
3-2: Strikes out looking
Batting: RHB Paco González 0-0: Ball
1-0: Foul Ball, location: 2F
1-1: Called Strike
1-2: Ball
2-2: Foul Ball, location: 2F
2-2: Foul Ball, location: 2F
2-2: Foul Ball, location: 2F
2-2: SINGLE (Groundball, 15S) (infield hit)
Batting: LHB Pancho Coloma 0-0: Foul Ball, location: 2F
0-1: SINGLE (Line Drive, 9S)
Paco González to second
Batting: RHB Brit Davis 0-0: Grounds into double play, 1-4-3 (Groundball, 15)
Top of the 8th over - 0 runs, 2 hits, 0 errors, 1 left on base; Phoenix 3 - Athletic Club KC 7
BOTTOM OF THE 8TH
Athletic Club KC U-21 batting - Pitching for Phoenix Hotspur Academy : RHP Jorge Torres
Batting: SHB Josh Moxon 0-0: Ball
1-0: Swinging Strike
1-1: Ball
2-1: Called Strike
2-2: Ground out U3 (Groundball, 3L)
Batting: LHB Todd Baker 0-0: Foul Ball, location: 2F
0-1: Ball
1-1: Ball
2-1: Foul Ball, location: 2F
2-2: Ball
3-2: Foul Ball, location: 2F
3-2: SINGLE (Groundball, 34D)
Batting: RHB Kalikiano Keiki 0-0: Called Strike
0-1: Called Strike
0-2: Ball
1-2: Strikes out swinging
Batting: LHB Ronnie Boehmer 0-0: Ball
1-0: Fly out, F5 (Popup, 56)
Bottom of the 8th over - 0 runs, 1 hit, 0 errors, 1 left on base; Phoenix 3 - Athletic Club KC 7
TOP OF THE 9TH
Phoenix Hotspur Academy batting - Pitching for Athletic Club KC U-21 : RHP Jorge Ávila
Batting: RHB Brad Lamb 0-0: Foul Ball, location: 2F
0-1: Foul Ball, location: 2F
0-2: Ball
1-2: Ball
2-2: Ball
3-2: Foul Ball, location: 2F
3-2: Ground out 4-3 (Groundball, 4)
Batting: RHB Javier Flores 0-0: Called Strike
0-1: Ball
1-1: Called Strike
1-2: Ball
2-2: Ground out 5-3 (Groundball, 56)
Batting: RHB Ronnie Wise 0-0: Ball
1-0: Called Strike
1-1: Ball
2-1: Ball
3-1: SINGLE (Flyball, 78S)
Batting: LHB Daniel Joseph 0-0: Called Strike
0-1: Foul Ball, location: 2F
0-2: Ball
Passed Ball!
Ronnie Wise to second
1-2: Strikes out swinging
Top of the 9th over - 0 runs, 1 hit, 0 errors, 1 left on base; Phoenix 3 - Athletic Club KC 7
Friday, March 29th, 2019 - OOTP Baseball 18.8 Build 76